TOP OF THE 1ST |
Iowa Cubs batting - Pitching for Memphis Redbirds : RHP Paul Schwartz
|
Pitching: RHP Paul Schwartz
|
|
Batting: LHB Sumiki Okuhara
|
0-0: Ball 1-0: Called Strike 1-1: Foul Ball, location: 2F 1-2: Foul Ball, location: 2F 1-2: Ball 2-2: Ball 3-2: Ground out 4-3 (Groundball, 4MS, EV 86.9 MPH)
|
Batting: RHB Jon Aguilar
|
0-0: Foul Ball, location: 2F 0-1: Ball 1-1: Ball 2-1: Ball 3-1: Foul Ball, location: 2F 3-2: Base on Balls
|
Batting: LHB Mark Ingram
|
0-0: Swinging Strike 0-1: SINGLE (Groundball, 34D, EV 100.0 MPH) Jon Aguilar to second Runner from 2nd tries for 3rd, SAFE, throw by RF made to third
|
Batting: RHB Ricardo Aguinaga
|
0-0: Ball 1-0: Called Strike 1-1: Ball 2-1: Foul Ball, location: 2F 2-2: Foul Ball, location: 2F 2-2: Hit by Pitch Mark Ingram to second
|
Batting: RHB Adam O'Hare
|
0-0: Called Strike 0-1: Ball 1-1: Foul Ball, location: 2F 1-2: Foul Ball, location: 2F 1-2: Fly out, F9 (Line Drive, 9LM, EV 96.2 MPH) Runner from 3rd tags up, SCORES, throw by RF
|
Batting: SHB Gabriel Cruz
|
0-0: Called Strike 0-1: Ball 1-1: Foul Ball, location: 2F 1-2: Foul Ball, location: 2F 1-2: Strikes out swinging
|
Top of the 1st over - 1 run, 1 hit, 0 errors, 2 left on base; Iowa 1 - Memphis 0 |
BOTTOM OF THE 1ST |
Memphis Redbirds batting - Pitching for Iowa Cubs : LHP Jesse Fields
|
Pitching: LHP Jesse Fields
|
|
Batting: RHB Joe Smack
|
0-0: Ball 1-0: Ball 2-0: Ball 3-0: Called Strike 3-1: Called Strike 3-2: Strikes out swinging, 2-3 out at first.
|
Batting: RHB Fabrice Bertin
|
0-0: Called Strike 0-1: Called Strike 0-2: Ball 1-2: Ball 2-2: Foul Ball, location: 2F 2-2: Ball 3-2: Base on Balls
|
Batting: RHB Billy Crookston
|
0-0: Ball 1-0: Foul Ball, location: 2F 1-1: Foul Ball, location: 2F 1-2: Foul Ball, location: 2F 1-2: Ball 2-2: Ball 3-2: Base on Balls Fabrice Bertin to second
|
Batting: RHB Danny Gallo
|
0-0: Ball 1-0: Ball 2-0: Grounds into double play, 3-6-1 (Groundball, 13, EV 85.6 MPH)
|
Bottom of the 1st over - 0 runs, 0 hits, 0 errors, 1 left on base; Iowa 1 - Memphis 0 |
TOP OF THE 2ND |
Iowa Cubs batting - Pitching for Memphis Redbirds : RHP Paul Schwartz
|
Batting: RHB Brian Gargis
|
0-0: Called Strike 0-1: Ball 1-1: Ball 2-1: SOLO HOME RUN (Flyball, 9D, EV 96.2 MPH), Distance : 345 ft
|
Batting: RHB Pat Barton
|
0-0: Foul Ball, location: 2F 0-1: Ball 1-1: Ball 2-1: Foul Ball, location: 2F 2-2: Foul Ball, location: 2F 2-2: Ball 3-2: SINGLE (Groundball, 56D, EV 98.1 MPH)
|
Batting: RHB Rich Thurman
|
0-0: Fly out, F7 (Flyball, 78S, EV 91.2 MPH)
|
Batting: LHB Sumiki Okuhara
|
0-0: Ball Pat Barton steals 2nd base 1-0: Ball 2-0: Ball 3-0: Called Strike 3-1: Base on Balls
|
Batting: RHB Jon Aguilar
|
0-0: Foul Ball, location: 2F 0-1: Ball 1-1: Fly out, F9 (Flyball, 9S, EV 91.9 MPH)
|
Batting: LHB Mark Ingram
|
0-0: Foul Ball, location: 2F 0-1: Called Strike 0-2: Fielders Choice at 2nd, 5-4 (Groundball, 56, EV 90.6 MPH)
|
Top of the 2nd over - 1 run, 2 hits, 0 errors, 2 left on base; Iowa 2 - Memphis 0 |
BOTTOM OF THE 2ND |
Memphis Redbirds batting - Pitching for Iowa Cubs : LHP Jesse Fields
|
Batting: RHB Josh Martin
|
0-0: Ball 1-0: Called Strike 1-1: Ball 2-1: Ball 3-1: SINGLE (Groundball, 6M, EV 92.5 MPH) (infield hit)
|
Batting: LHB Kyle Schaible
|
0-0: Ball 1-0: Called Strike 1-1: Ball 2-1: Foul Ball, location: 2F 2-2: Strikes out swinging
|
Batting: LHB Ronnie Ashley
|
0-0: Ball 1-0: Fly out, F9 (Line Drive, 89S, EV 91.2 MPH)
|
Batting: RHB Jose Rivera
|
0-0: Ball 1-0: Ball 2-0: Ball Josh Martin is caught stealing 2nd base 2-4
|
Bottom of the 2nd over - 0 runs, 1 hit, 0 errors, 0 left on base; Iowa 2 - Memphis 0 |
TOP OF THE 3RD |
Iowa Cubs batting - Pitching for Memphis Redbirds : RHP Paul Schwartz
|
Batting: RHB Ricardo Aguinaga
|
0-0: SINGLE (Groundball, 4M, EV 97.5 MPH) (infield hit)
|
Batting: RHB Adam O'Hare
|
Pickoff Throw to First - Out! 1-3 0-0: Foul Ball, location: 2F 0-1: Foul Ball, location: 2F 0-2: Ball 1-2: Ball 2-2: Strikes out swinging
|
Batting: SHB Gabriel Cruz
|
0-0: Reached on error, E3 (Groundball, 3, EV 76.9 MPH)
|
Batting: RHB Brian Gargis
|
0-0: Ball Gabriel Cruz steals 2nd base 1-0: Ground out 6-3 (Groundball, 6MD, EV 110.0 MPH)
|
Top of the 3rd over - 0 runs, 1 hit, 1 error, 1 left on base; Iowa 2 - Memphis 0 |
BOTTOM OF THE 3RD |
Memphis Redbirds batting - Pitching for Iowa Cubs : LHP Jesse Fields
|
Batting: RHB Jose Rivera
|
0-0: Ball 1-0: Called Strike 1-1: Foul Ball, location: 2F 1-2: Reached on error, E2 (Groundball, 2L, EV 64.4 MPH)
|
Batting: RHB Dave Cluster
|
0-0: Swinging Strike 0-1: Fielders Choice at 2nd, 5-4 (Groundball, 5S, EV 88.1 MPH)
|
Batting: RHB Joe Smack
|
0-0: Ball 1-0: Ball 2-0: Swinging Strike 2-1: Fly out, F9 (Flyball, 9, EV 78.1 MPH)
|
Batting: RHB Fabrice Bertin
|
0-0: Ball 1-0: Fielders Choice at 2nd, 6-4 (Groundball, 6, EV 95.6 MPH)
|
Bottom of the 3rd over - 0 runs, 0 hits, 1 error, 1 left on base; Iowa 2 - Memphis 0 |
TOP OF THE 4TH |
Iowa Cubs batting - Pitching for Memphis Redbirds : RHP Paul Schwartz
|
Batting: RHB Pat Barton
|
0-0: Called Strike 0-1: Ball 1-1: Swinging Strike 1-2: Ground out 5-3 (Groundball, 56, EV 90.0 MPH)
|
Batting: RHB Rich Thurman
|
0-0: Ball 1-0: Ball 2-0: Swinging Strike 2-1: Fly out, F9 (Line Drive, 9S, EV 90.0 MPH)
|
Batting: LHB Sumiki Okuhara
|
0-0: Ball 1-0: Called Strike 1-1: Ball 2-1: Ball 3-1: Swinging Strike 3-2: Base on Balls
|
Batting: RHB Jon Aguilar
|
0-0: Called Strike 0-1: Called Strike 0-2: Foul Ball, location: 2F 0-2: Foul Ball, location: 2F 0-2: Ball 1-2: Ball 2-2: Fielders Choice at 2nd, U4 (Groundball, 4M, EV 81.2 MPH)
|
Top of the 4th over - 0 runs, 0 hits, 0 errors, 1 left on base; Iowa 2 - Memphis 0 |
BOTTOM OF THE 4TH |
Memphis Redbirds batting - Pitching for Iowa Cubs : LHP Jesse Fields
|
Batting: RHB Billy Crookston
|
0-0: Called Strike 0-1: Ball 1-1: Ground out 6-3 (Groundball, 56D, EV 91.2 MPH)
|
Batting: RHB Danny Gallo
|
0-0: Ball 1-0: Called Strike 1-1: Ball 2-1: Foul Ball, location: 2F 2-2: SINGLE (Groundball, 6D, EV 100.0 MPH)
|
Batting: RHB Josh Martin
|
0-0: Ground out 6-3 (Groundball, 6MS, EV 65.6 MPH) Danny Gallo to second
|
Batting: LHB Kyle Schaible
|
0-0: Ball 1-0: Called Strike 1-1: Ball 2-1: Ball 3-1: Called Strike 3-2: Base on Balls
|
Batting: LHB Ronnie Ashley
|
0-0: Called Strike 0-1: Foul Ball, location: 2F 0-2: Ground out 5-3 (Groundball, 56S, EV 79.4 MPH)
|
Bottom of the 4th over - 0 runs, 1 hit, 0 errors, 2 left on base; Iowa 2 - Memphis 0 |
TOP OF THE 5TH |
Iowa Cubs batting - Pitching for Memphis Redbirds : RHP Paul Schwartz
|
Batting: LHB Mark Ingram
|
0-0: Ball 1-0: Ball 2-0: Ball 3-0: Called Strike 3-1: Swinging Strike 3-2: Foul Ball, location: 2F 3-2: Base on Balls
|
Batting: RHB Ricardo Aguinaga
|
0-0: Called Strike 0-1: Grounds into double play, 4-6-3 (Groundball, 4, EV 105.0 MPH)
|
Batting: RHB Adam O'Hare
|
0-0: Ball 1-0: Ball 2-0: Foul Ball, location: 2F 2-1: Swinging Strike 2-2: Foul Ball, location: 2F 2-2: Strikes out swinging
|
Top of the 5th over - 0 runs, 0 hits, 0 errors, 0 left on base; Iowa 2 - Memphis 0 |
BOTTOM OF THE 5TH |
Memphis Redbirds batting - Pitching for Iowa Cubs : LHP Jesse Fields
|
Pitching: RHP Jose Ramirez
|
|
Batting: RHB Jose Rivera
|
0-0: Called Strike 0-1: Ball 1-1: Ball 2-1: Swinging Strike 2-2: Foul Ball, location: 2F 2-2: Strikes out looking
|
Batting: RHB Dave Cluster
|
0-0: Ground out 6-3 (Groundball, 4M, EV 88.8 MPH)
|
Batting: RHB Joe Smack
|
0-0: Ball 1-0: Ball 2-0: Ground out 6-3 (Groundball, 6, EV 91.9 MPH)
|
Bottom of the 5th over - 0 runs, 0 hits, 0 errors, 0 left on base; Iowa 2 - Memphis 0 |
TOP OF THE 6TH |
Iowa Cubs batting - Pitching for Memphis Redbirds : RHP Paul Schwartz
|
Pitching: LHP John Murray
|
|
Batting: SHB Gabriel Cruz
|
0-0: Called Strike 0-1: Ball 1-1: Called Strike 1-2: Foul Ball, location: 2F 1-2: SINGLE (Groundball, P, EV 99.4 MPH)
|
Batting: RHB Brian Gargis
|
0-0: Fielders Choice at 2nd, 5-4 (Groundball, 5, EV 82.5 MPH)
|
Batting: RHB Pat Barton
|
0-0: Ball 1-0: Ball 2-0: Called Strike 2-1: Foul Ball, location: 2F 2-2: Foul Ball, location: 2F 2-2: Ball 3-2: SINGLE (Groundball, 3D, EV 96.9 MPH) Brian Gargis to second Runner from 2nd tries for 3rd, SAFE, throw by RF made to third
|
Batting: RHB Rich Thurman
|
0-0: Ball 1-0: Swinging Strike 1-1: Ball 2-1: Called Strike Pat Barton steals 2nd base 2-2: DOUBLE (Flyball, 5D, EV 92.5 MPH) Brian Gargis scores Pat Barton scores
|
Batting: LHB Sumiki Okuhara
|
0-0: Ball 1-0: Foul Ball, location: 2F 1-1: Ball 2-1: Ball 3-1: DOUBLE (Flyball, 89D, EV 100.0 MPH) Rich Thurman scores
|
Pitching: RHP Sean Hartgrove
|
|
Batting: RHB Jon Aguilar
|
0-0: Called Strike 0-1: Swinging Strike 0-2: Ball 1-2: Strikes out swinging
|
Batting: LHB Mark Ingram
|
0-0: Called Strike 0-1: Ball 1-1: Called Strike 1-2: Strikes out looking
|
Top of the 6th over - 3 runs, 4 hits, 0 errors, 1 left on base; Iowa 5 - Memphis 0 |
BOTTOM OF THE 6TH |
Memphis Redbirds batting - Pitching for Iowa Cubs : RHP Jose Ramirez
|
Batting: RHB Fabrice Bertin
|
0-0: Ball 1-0: Ball 2-0: SINGLE (Groundball, 56S, EV 76.2 MPH) (infield hit)
|
Batting: RHB Billy Crookston
|
0-0: Grounds into double play, 5-4-3 (Groundball, 56, EV 87.5 MPH)
|
Batting: RHB Danny Gallo
|
0-0: Ball 1-0: Ball 2-0: Ball 3-0: Base on Balls
|
Batting: RHB Josh Martin
|
0-0: Called Strike 0-1: Called Strike 0-2: Ball 1-2: Ball 2-2: Strikes out swinging
|
Bottom of the 6th over - 0 runs, 1 hit, 0 errors, 1 left on base; Iowa 5 - Memphis 0 |
TOP OF THE 7TH |
Iowa Cubs batting - Pitching for Memphis Redbirds : RHP Sean Hartgrove
|
Batting: RHB Ricardo Aguinaga
|
0-0: Ball 1-0: Swinging Strike 1-1: Swinging Strike 1-2: Strikes out swinging
|
Batting: RHB Adam O'Hare
|
0-0: Ball 1-0: Foul Ball, location: 2F 1-1: Foul Ball, location: 2F 1-2: Strikes out swinging
|
Batting: SHB Gabriel Cruz
|
0-0: Foul Ball, location: 2F 0-1: Foul Ball, location: 2F 0-2: Foul Ball, location: 2F 0-2: Ball 1-2: SOLO HOME RUN (Flyball, 9D, EV 95.6 MPH), Distance : 346 ft
|
Batting: RHB Brian Gargis
|
0-0: Called Strike 0-1: Ground out 4-3 (Groundball, 4MS, EV 65.0 MPH)
|
Top of the 7th over - 1 run, 1 hit, 0 errors, 0 left on base; Iowa 6 - Memphis 0 |
BOTTOM OF THE 7TH |
Memphis Redbirds batting - Pitching for Iowa Cubs : RHP Jose Ramirez
|
Batting: LHB Kyle Schaible
|
0-0: Ball 1-0: SINGLE (Groundball, 4MD, EV 101.2 MPH)
|
Batting: LHB Ronnie Ashley
|
0-0: Ball 1-0: Ball 2-0: Foul Ball, location: 2F 2-1: Called Strike 2-2: Ball 3-2: Base on Balls Kyle Schaible to second
|
Pinch Hitting: SHB Dan Lash
|
0-0: Ball 1-0: Called Strike 1-1: Ground out 5-3 (Groundball, 56S, EV 65.6 MPH) Kyle Schaible to third Ronnie Ashley to second
|
Pitching: RHP Brian Bailes
|
|
Pinch Hitting: LHB John Bailey
|
0-0: Called Strike 0-1: SINGLE (Line Drive, 7S, EV 110.0 MPH) Kyle Schaible scores Ronnie Ashley to third
|
Batting: RHB Joe Smack
|
0-0: Called Strike 0-1: Foul Ball, location: 2F 0-2: Ball 1-2: Strikes out looking
|
Batting: RHB Fabrice Bertin
|
0-0: Swinging Strike 0-1: Swinging Strike 0-2: Strikes out looking
|
Bottom of the 7th over - 1 run, 2 hits, 0 errors, 2 left on base; Iowa 6 - Memphis 1 |
TOP OF THE 8TH |
Iowa Cubs batting - Pitching for Memphis Redbirds : RHP Sean Hartgrove
|
Now at 1B: Dan Lash
|
|
Now at 3B: John Bailey
|
|
Batting: RHB Pat Barton
|
0-0: Ball 1-0: Called Strike 1-1: DOUBLE (Line Drive, 7LM, EV 110.0 MPH)
|
Batting: RHB Rich Thurman
|
0-0: Ball 1-0: Foul Ball, location: 2F 1-1: Called Strike 1-2: Foul Ball, location: 2F 1-2: Strikes out swinging
|
Pitching: LHP Michael Twigg
|
|
Batting: LHB Sumiki Okuhara
|
0-0: Called Strike Pat Barton steals 3rd base 0-1: Ball 1-1: Ball 2-1: Ground out 2-3 (Groundball, 13S, EV 72.5 MPH)
|
Batting: RHB Jon Aguilar
|
0-0: Called Strike 0-1: DOUBLE (Line Drive, 78D, EV 101.9 MPH) Pat Barton scores
|
Batting: LHB Mark Ingram
|
0-0: Called Strike 0-1: Called Strike 0-2: Strikes out looking
|
Top of the 8th over - 1 run, 2 hits, 0 errors, 1 left on base; Iowa 7 - Memphis 1 |
BOTTOM OF THE 8TH |
Memphis Redbirds batting - Pitching for Iowa Cubs : RHP Brian Bailes
|
Batting: RHB Billy Crookston
|
0-0: Called Strike 0-1: Ball 1-1: Ball 2-1: Called Strike 2-2: Ground out 5-3 (Groundball, 56S, EV 76.9 MPH)
|
Batting: RHB Danny Gallo
|
0-0: Swinging Strike 0-1: Called Strike 0-2: Ball 1-2: SINGLE (Groundball, 6MD, EV 106.2 MPH)
|
Batting: RHB Josh Martin
|
0-0: Ball 1-0: Ball 2-0: Swinging Strike 2-1: Called Strike 2-2: Ball 3-2: Foul Ball, location: 2F 3-2: Reached on error, E1 (Groundball, P, EV 68.8 MPH) Danny Gallo to second
|
Batting: LHB Kyle Schaible
|
0-0: Foul Ball, location: 2F 0-1: Foul Ball, location: 2F 0-2: Ball 1-2: Strikes out looking
|
Batting: LHB Ronnie Ashley
|
0-0: Called Strike 0-1: Foul Ball, location: 2F 0-2: Ball 1-2: Foul Ball, location: 2F 1-2: Ball 2-2: Foul Ball, location: 2F 2-2: Ball 3-2: Strikes out swinging
|
Bottom of the 8th over - 0 runs, 1 hit, 1 error, 2 left on base; Iowa 7 - Memphis 1 |
TOP OF THE 9TH |
Iowa Cubs batting - Pitching for Memphis Redbirds : LHP Michael Twigg
|
Pitching: RHP Josh Sabatino
|
|
Batting: RHB Ricardo Aguinaga
|
0-0: Ground out U3 (Groundball, 23, EV 91.2 MPH)
|
Batting: RHB Adam O'Hare
|
0-0: Called Strike 0-1: Ball 1-1: Swinging Strike 1-2: Foul Ball, location: 2F 1-2: Ball 2-2: Strikes out swinging
|
Batting: SHB Gabriel Cruz
|
0-0: Called Strike 0-1: Foul Ball, location: 2F 0-2: Ball 1-2: Strikes out swinging
|
Top of the 9th over - 0 runs, 0 hits, 0 errors, 0 left on base; Iowa 7 - Memphis 1 |
BOTTOM OF THE 9TH |
Memphis Redbirds batting - Pitching for Iowa Cubs : RHP Brian Bailes
|
Pitching: LHP Bill Esten
|
|
Batting: SHB Dan Lash
|
0-0: Ball 1-0: Ground out 6-3 (Groundball, 6, EV 86.2 MPH)
|
Batting: LHB John Bailey
|
0-0: Called Strike 0-1: Foul Ball, location: 2F 0-2: Ball 1-2: Foul Ball, location: 2F 1-2: Ground out 6-3 (Groundball, 6M, EV 88.1 MPH)
|
Batting: RHB Joe Smack
|
0-0: Called Strike 0-1: TRIPLE (Line Drive, 9LD, EV 109.4 MPH)
|
Batting: RHB Fabrice Bertin
|
0-0: Ball 1-0: Foul Ball, location: 2F 1-1: Called Strike 1-2: Ball 2-2: Fly out, F9 (Flyball, 9, EV 87.5 MPH)
|
Bottom of the 9th over - 0 runs, 1 hit, 0 errors, 1 left on base; Iowa 7 - Memphis 1 |
|